 Dungeon Crawl Stone Soup version 0.16.1-18-g436b03c (webtiles) character file.

167612 raph the Fencer (level 17, -9/162 HPs)
             Began as a Minotaur Fighter on Apr 27, 2015.
             Was the Champion of Ashenzari.
             Killed from afar by an octopode crusher (51 damage)
             ... with an iron shot
             ... on level 4 of the Shoals.
             The game lasted 02:15:03 (36935 turns).

raph the Fencer (Minotaur Fighter)                 Turns: 36935, Time: 02:15:03

Health: -9/162     AC: 40    Str: 31    XL:     17   Next: 32%
Magic:  14/14      EV: 18    Int:  9    God:    Ashenzari [******]
Gold:   1197       SH:  0    Dex: 21    Spells: 1 memorised, 14 levels left

rFire  . . .     SeeInvis +     H - +0 triple sword (curse)
rCold  + . .     Clarity  +     a - +2 crystal plate armour (curse)
rNeg   . . .     SustAb   .     (no shield)
rPois  +         Gourm    .     y - +2 hat (curse)
rElec  +         Spirit   .     t - +0 cloak (curse)
rCorr  +         Warding  .     W - +2 pair of gloves {Str+3} (curse)
rMut   .         Stasis   .     V - +1 pair of boots of Behucva {rCorr MP-9 Int+4} (curse)
MR     ++...     NoCast   +     N - amulet of faith (curse)
Stlth  ..........               Q - ring "Zaomao Clox" {+Fly rElec rPois rC+ MR+ Str+3} (curse)
                                I - ring of the Serpent {-Cast Dex+8 SInv} (curse)

@: very resistant to hostile enchantments, extremely unstealthy
A: retaliatory headbutt, horns 2, rugged brown scales 1
a: Scrying, Transfer Knowledge, Renounce Religion, Evoke Flight


You were on level 4 of the Shoals.
You worshipped Ashenzari.
Ashenzari was exalted by your worship.
You were not hungry.

You visited 5 branches of the dungeon, and saw 31 of its levels.
You also visited: Bailey and Volcano.

You collected 4380 gold pieces.
You spent 3183 gold pieces at shops.

Inventory:

Hand weapons
 H - a cursed +0 triple sword (weapon)
Missiles
 m - 6 javelins (quivered)
Armour
 a - a cursed +2 crystal plate armour (worn)
 t - a cursed +0 cloak (worn)
 y - a cursed +2 hat (worn)
 V - the cursed +1 pair of boots of Behucva (worn) {rCorr MP-9 Int+4}
   (You found it on level 10 of the Dungeon)

   It affects your intelligence (+4).
   It affects your magic capacity (-9).
   It protects you from acid and corrosion.
   It has a curse placed upon it.
 W - a cursed +2 pair of gloves of strength (worn)
 X - a +0 hat of magic resistance
Jewellery
 s - the amulet "Rocaca" {Stasis Dex+6}
   (You found it on level 9 of the Dungeon)

   [amulet of stasis]

   It prevents you from being teleported, slowed, hasted or paralysed.
   It affects your dexterity (+6).
 I - the cursed ring of the Serpent (left hand) {-Cast Dex+8 SInv}
   (You found it on level 7 of the Dungeon)

   [ring of see invisible]

   It affects your dexterity (+8).
   It enhances your eyesight.
   It prevents spellcasting.
   It has a curse placed upon it.
 N - a cursed amulet of faith (around neck)
 Q - the cursed ring "Zaomao Clox" (right hand) {+Fly rElec rPois rC+ MR+ Str+3}
   (You bought it in a shop on level 9 of the Dungeon)

   [ring of protection from magic]

   It affects your strength (+3).
   It protects you from cold.
   It insulates you from electricity.
   It protects you from poison.
   It affects your resistance to hostile enchantments.
   It lets you fly.
   It has a curse placed upon it.
Magical devices
 k - a wand of hasting (4)
 u - a wand of fire (6)
 w - a wand of slowing (9)
 B - a wand of teleportation (2)
 C - a wand of cold (12)
 J - a wand of confusion (10)
 L - a wand of lightning (3)
 R - a wand of digging (7)
 S - a wand of draining (7)
 U - a wand of lightning (1)
 Z - a wand of disintegration (5)
Scrolls
 b - 4 scrolls of blinking
 c - a scroll of amnesia
 h - 6 scrolls of identify
 j - a scroll of holy word
 p - a scroll of magic mapping
 r - 2 scrolls of curse armour
 v - 5 scrolls of remove curse
 E - 6 scrolls of teleportation
 F - a scroll of fear
 G - a scroll of recharging
 M - 2 scrolls of fog
 P - 2 scrolls of curse weapon
Potions
 e - 2 potions of might
 f - 7 potions of heal wounds
 i - 6 potions of brilliance
 l - a potion of agility
 n - 3 potions of berserk rage
 q - 5 potions of cancellation
 x - 6 potions of restore abilities
 z - 2 potions of magic
 A - 7 potions of curing
 D - 4 potions of invisibility
 K - 2 potions of resistance
 T - 2 potions of flight
Books
 o - Roxanne's Incunabulum of the Mountains and Transmigration
   (You took it off Roxanne on level 14 of the Dungeon)

   Spells                             Type                      Level
   a - Sandblast                      Earth                        1
   b - Stoneskin                      Transmutation/Earth          2
   c - Passwall                       Transmutation/Earth          3
   d - Petrify                        Transmutation/Earth          4
   e - Statue Form                    Transmutation/Earth          6
Comestibles
 d - 8 bread rations
 g - 16 fruits


   Skills:
 + Level 16.2 Fighting
 * Level 19.2(24.0) Long Blades
 + Level 11.3 Throwing
 + Level 15.0(20.2) Armour
 + Level 15.1 Dodging
   Level 1.0 Shields
 - Level 7.7(12.2) Evocations


You had 14 spell levels left.
You knew the following spells:

 Your Spells              Type           Power        Failure   Level  Hunger
a - Swiftness             Chrm/Air       #.......     100%        2    ###....


Dungeon Overview and Level Annotations

Branches:
Dungeon (15/15)            Temple (1/1) D:5            Lair (7/8) D:11
 Shoals (4/5) Lair:6        Snake (0/5) Lair:5        Slime (0/6) Lair:7
    Orc (4/4) D:10            Elf (0/3) Orc:3        Vaults (0/5) D:13
 Depths (0/5) D:15

Altars:
Ashenzari
Cheibriados
Dithmenos
Elyvilon
Fedhas
Gozag
Kikubaaqudgha
Makhleb
Nemelex Xobeh
Okawaru
Qazlal
Ru
Sif Muna
Trog
Vehumet
Xom
Yredelemnul
Zin
The Shining One
Jiyva

Shops:
D:4 ?   D:6 (   D:7 *   D:8 *   D:9 =   D:10 *   D:11 !*[!   D:13 !   D:14 :
Orc:4 [:*%   Shoals:2 }}

Portals:
Pandemonium: Orc:4

Annotations:
Lair:5 exclusion: 4 oklob plants
Lair:7 1 runed door
Orc:2 Sonja


Innate Abilities, Weirdness & Mutations

You reflexively headbutt those who attack you in melee.
You have a pair of horns on your head.
You are partially covered in rugged brown scales (AC +1, +3% HP).


Message History

You hear a splash.
The merfolk hits you but does no damage.
The merfolk impaler misses you.
The octopode crusher casts a spell at you.
The iron shot hits you!
* * * LOW HITPOINT WARNING * * *
The merfolk avatar chants a haunting song.
You are unaffected.
Things that are here:
a throwing net; a scroll of amnesia The siren chants a haunting song.
You are unaffected.
You see here a sling bullet.
You see here a stone.
The satyr unwields an uncursed spear.
The satyr wields a longbow.
The satyr shoots an arrow.
The arrow hits you but does no damage.
You see here an arrow.
The octopode crusher stares at you and mumbles some strange words.
The iron shot hits you!
You die...

≈ , ≈ ≈ ≈≈≈≈≈≈.##({≈≈≈≈≈≈≈≈≈..≈.
≈ ≈≈ ≈≈≈≈≈≈≈≈≈. ##(.≈≈≈≈≈≈≈.....
≈≈≈≈≈≈≈≈≈≈≈≈≈≈.###(.c≈≈≈≈≈......
,,≈≈,,,..≈..≈≈≈....m≈≈≈≈≈.......
,, ≈ ,,........m##x(≈≈≈....##...
≈≈ ≈ ,,
.........##≈≈≈≈≈≈..###... ≈≈≈,
........m..≈≈≈≈≈≈≈....... ≈≈ ,,
.........≈≈≈≈..≈≈≈.....>. ≈ ≈, ,
........@≈≈≈..≈≈≈≈....... ≈ ≈,
,,.........≈≈..≈≈≈≈≈≈.....# ≈
,,, ............≈≈≈≈.≈...... ≈
,,, ........##..≈≈≈......###
≈≈≈≈ ,, #≈#≈#≈#.##.....P###P.#*
≈ , *≈≈≈#≈≈≈#.......P##P≈...# ≈
≈ ,, ≈ ≈≈≈#≈≈..≈..≈≈≈)P...... ≈
,, ≈≈≈#≈≈≈#≈≈P<.P≈P...≈≈.. ≈ ,,
#≈#≈#≈#≈≈≈?.P≈P≈≈≈≈≈.. ,


You could see an octopode crusher, a merfolk impaler, a merfolk, a faun and a
siren.

Vanquished Creatures
  Mara (Shoals:3)
  Asterion (Shoals:2)
  Polyphemus (Shoals:3)
  A kraken (Shoals:2)
  Roxanne (D:14)
  A fire giant (D:15)
  Louise (Shoals:3)
  Jorgrun (Shoals:2)
  A deep elf annihilator (D:14)
  2 merfolk javelineers (Shoals:1)
  Snorg (Shoals:3)
  8 merfolk impalers
  Josephine (D:10)
  Fannar (Lair:6)
  8 vault guards (D:13)
  A great orb of eyes (D:14)
  Harold (D:15)
  4 hydras
  3 satyrs (Shoals:3)
  An alligator snapping turtle (Shoals:3)
  A catoblepas (Shoals:3)
  4 centaur warriors
  A merfolk avatar (Shoals:1)
  2 merfolk aquamancers
  An ogre mage (D:15)
  7 death yaks
  Nergalle (Lair:4)
  6 orc high priests
  A gelid demonspawn (Orc:4)
  6 sea snakes
  2 unseen horrors
  An unseen horror (shapeshifter) (D:10)
  19 harpies
  2 infernal demonspawn (Orc:4)
  A torturous demonspawn (Orc:4)
  8 orc sorcerers
  7 griffons
  9 hill giants
  The ghost of EmilioHeskey the Twirler, an experienced FoGl (D:3)
  22 ugly things
  4 orc knights (Orc:4)
  7 cyclopes
  4 water nymphs
  12 fauns
  21 elephants
  Maurice (Orc:1)
  A toenail golem (Volcano)
  9 sirens
  19 manticores
  Joseph (Orc:4)
  2 black mambas
  A gargoyle (Volcano)
  12 spiny frogs
  2 centaur skeletons (D:13)
  An efreet (D:13)
  3 molten gargoyles (Volcano)
  5 komodo dragons
  5 fire drakes
  A hellwing (Orc:4)
  A queen bee (shapeshifter) (D:13)
  A red devil (Orc:4)
  A tengu conjurer (D:13)
  A harpy zombie (D:14)
  5 two-headed ogres
  5 trolls
  A wind drake (Shoals:1)
  2 freezing wraiths
  A trapdoor spider zombie (D:10)
  21 merfolk
  8 slime creatures
  5 snapping turtles
  2 basilisks
  3 trapdoor spiders
  2 vampires
  2 ynoxinuls (Orc:4)
  A shadow (D:14)
  17 blink frogs
  34 yaks
  A spriggan (shapeshifter) (D:13)
  4 wyverns
  A steam dragon (Lair:5)
  5 wraiths (D:10)
  Eustachio (D:9)
  6 water elementals
  4 deep elf magi
  A chaos spawn (Orc:4)
  3 fire bats (Volcano)
  An infernal demonspawn zombie (Orc:4)
  6 vampire mosquitoes
  3 wargs
  A soldier ant (D:10)
  2 nagas (Lair:5)
  9 wolves
  15 hippogriffs
  2 orc zombies (Orc:4)
  14 porcupines
  11 water moccasins
  31 orc warriors
  7 ice beasts
  5 phantoms
  14 ogres
  A necrophage (D:11)
  2 black bears (D:7)
  2 boring beetles (Lair:7)
  A boggart (D:13)
  3 wasps
  An eye of draining (D:14)
  12 crocodiles
  13 centaurs
  4 sky beasts
  21 giant frogs
  2 big kobolds (D:13)
  A brain worm (D:13)
  A wyvern zombie (D:13)
  A gnoll sergeant (D:11)
  An earth elemental (Volcano)
  2 scorpions
  4 wights (D:10)
  6 jellies
  9 killer bees
  7 crimson imps
  2 electric eels
  2 quasits
  7 centaur zombies
  3 goliath beetles
  5 lava snakes (Volcano)
  2 giant frog skeletons
  Crazy Yiuf (D:6)
  11 hounds
  40 orc priests
  A gnoll shaman (D:5)
  8 iguanas
  28 orc wizards
  9 worker ants
  8 sheep
  Jessica (D:3)
  A hound zombie (D:10)
  A mummy (D:13)
  47 river rats
  19 adders
  18 gnolls
  4 shadow imps
  2 worms (D:5)
  3 ufetubi (Orc:4)
  An adder skeleton (D:5)
  3 giant geckos
  An ooze (D:2)
  219 orcs
  A bat skeleton (D:4)
  A bat zombie (D:8)
  8 giant cockroaches
  18 goblins
  19 hobgoblins
  9 jackals
  12 quokkas
  2 ball pythons
  18 bats
  A giant gecko skeleton (D:4)
  9 giant newts
  2 giant spores
  19 kobolds
  A quokka skeleton (D:8)
  A quokka zombie (D:5)
  17 rats
  20 ballistomycetes
  A plant (D:11)
  A tentacle (Shoals:2)
1214 creatures vanquished.

Vanquished Creatures (others)
  2 drowned souls (Shoals:1)
  A merfolk (Shoals:3)
  A water elemental (Shoals:3)
  A human (D:11)
  A sheep (Lair:5)
  2 orcs
  A goblin (D:6)
  A fungus (Lair:3)
  4 plants
  5 tentacles (Shoals:2)
  67 tentacle segments (Shoals:2)
86 creatures vanquished.

Grand Total: 1300 creatures vanquished

Notes
Turn   | Place    | Note
--------------------------------------------------------------
     0 | D:1      | raph, the Minotaur Fighter, began the quest for the Orb.
     0 | D:1      | Reached XP level 1. HP: 19/19 MP: 1/1
   235 | D:1      | Reached XP level 2. HP: 26/26 MP: 1/1
   447 | D:1      | You fall through a shaft!
   555 | D:1      | Reached skill level 4 in Long Blades
   589 | D:1      | Reached XP level 3. HP: 31/31 MP: 2/2
  1441 | D:2      | Reached skill level 5 in Long Blades
  1539 | D:3      | Noticed Jessica
  1540 | D:3      | Noticed EmilioHeskey's ghost (experienced FoGl)
  1544 | D:3      | Killed Jessica
  1544 | D:3      | Reached XP level 4. HP: 25/39 MP: 2/2
  2052 | D:3      | Reached skill level 6 in Long Blades
  2212 | D:4      | Reached XP level 5. HP: 43/46 MP: 2/2
  2745 | D:4      | Found Jeexarch's Magic Scroll Boutique.
  2754 | D:4      | Bought a scroll of remove curse for 42 gold pieces
  2771 | D:4      | Bought a scroll of identify for 28 gold pieces
  2771 | D:4      | Bought a scroll of identify for 28 gold pieces
  2774 | D:4      | Bought a scroll of identify for 28 gold pieces
  3040 | D:4      | Noticed a phantom
  3076 | D:4      | Killed a phantom
  3076 | D:4      | Reached skill level 1 in Dodging
  3144 | D:5      | Entered Level 5 of the Dungeon
  3154 | D:5      | Reached XP level 6. HP: 49/52 MP: 3/3
  3174 | D:5      | Noticed an ogre
  3195 | D:5      | Killed an ogre
  3287 | D:5      | Noticed a moth of wrath
  3510 | D:5      | Reached skill level 7 in Long Blades
  3510 | D:5      | Reached XP level 7. HP: 60/60 MP: 3/3
  3514 | D:5      | Found a staircase to the Ecumenical Temple.
  3554 | Temple   | Entered the Ecumenical Temple
  3600 | Temple   | Became a worshipper of Ashenzari the Shackled
  3860 | D:5      | Found a bloodstained altar of Trog.
  4025 | D:5      | Reached skill level 5 in Shields
  4161 | D:5      | Reached skill level 5 in Fighting
  4161 | D:5      | Reached skill level 5 in Armour
  4347 | D:6      | Reached skill level 8 in Long Blades
  4368 | D:6      | Reached XP level 8. HP: 56/68 MP: 3/3
  4628 | D:6      | Found a white marble altar of Elyvilon.
  5048 | D:6      | Found Bucwaopn's Antique Weapon Emporium.
  5103 | D:6      | Reached skill level 9 in Long Blades
  5680 | D:6      | Noticed Crazy Yiuf
  5684 | D:6      | Killed Crazy Yiuf
  5709 | D:7      | Identified the ring of the Serpent {-Cast Dex+8 SInv}
  5762 | D:7      | Reached XP level 9. HP: 73/77 MP: 4/4
  5963 | D:7      | Found a flagged portal.
  5973 | Bailey   | Entered a bailey
  5973 | Bailey   | Noticed an orc knight
  5974 | Bailey   | Noticed an orc knight
  6132 | D:7      | Reached skill level 5 in Dodging
  6196 | D:7      | Acquired Ashenzari's first power
  6280 | D:7      | Reached skill level 1 in Evocations
  6390 | D:7      | Found Zuimnym's General Store.
  6401 | D:7      | Bought a scroll of remove curse for 39 gold pieces
  6440 | D:7      | Reached skill level 10 in Long Blades
  6991 | D:8      | Acquired Ashenzari's second power
  7008 | D:8      | Found Quisuuq's Assorted Antiques.
  7146 | D:8      | Bought a scroll of remove curse for 81 gold pieces
  7146 | D:8      | Bought a scroll labeled WOVEVI LAILIA for 27 gold pieces
  7672 | D:9      | Noticed Eustachio
  7707 | D:9      | Identified the amulet "Rocaca" {Stasis Dex+6}
  7996 | D:9      | Acquired Ashenzari's third power
  8181 | D:9      | Killed Eustachio
  8181 | D:9      | Reached XP level 10. HP: 82/86 MP: 7/8
  8182 | D:9      | Found Qac Tuveg's Jewellery Emporium.
  8223 | D:9      | Reached skill level 11 in Long Blades
  8231 | D:9      | Found a shadowy altar of Dithmenos.
  8592 | D:10     | Entered Level 10 of the Dungeon
  8592 | D:10     | Noticed Josephine
  8607 | D:10     | Killed Josephine
  8903 | D:10     | Reached skill level 12 in Long Blades
  8936 | D:10     | Found Pnim's Assorted Antiques.
  8940 | D:10     | Found a staircase to the Orcish Mines.
  8946 | D:10     | Bought a viscous blue potion for 27 gold pieces
  8946 | D:10     | Bought a murky emerald potion for 27 gold pieces
  8946 | D:10     | Bought a scroll labeled WIYSKE KLYIPT for 30 gold pieces
  8983 | D:10     | Noticed a hill giant
  8990 | D:10     | Killed a hill giant
  9037 | D:10     | Noticed a hill giant
  9039 | D:10     | Identified the +1 pair of boots of Behucva {rCorr MP-9 Int+4}
  9048 | D:10     | Killed a hill giant
  9048 | D:10     | Reached XP level 11. HP: 74/95 MP: 11/11
  9113 | D:10     | Reached skill level 1 in Throwing
  9122 | D:10     | Noticed a hill giant
  9135 | D:10     | Killed a hill giant
  9169 | D:10     | Noticed a giant orange brain
  9169 | D:10     | a giant orange brain changed into a guardian serpent
  9176 | D:10     | Noticed an unseen horror
  9176 | D:10     | a guardian serpent changed into an unseen horror
  9183 | D:10     | Killed an unseen horror
  9274 | D:10     | Acquired Ashenzari's fourth power
  9328 | D:10     | Noticed a hill giant
  9340 | D:10     | Killed a hill giant
  9580 | D:11     | Found Klaqupu's Armour Emporium.
  9597 | D:11     | Bought a +0 pair of gloves of strength for 138 gold pieces
  9602 | D:11     | Found Kane's Distillery.
  9610 | D:11     | Bought a potion of poison for 13 gold pieces
  9610 | D:11     | Bought a potion of heal wounds for 65 gold pieces
  9741 | D:11     | Found Ynkafiluo's Distillery.
  9894 | D:11     | Noticed a hill giant
  9904 | D:11     | Killed a hill giant
  9904 | D:11     | Reached skill level 5 in Evocations
 10025 | D:11     | Found a staircase to the Lair.
 10089 | D:11     | Found Ozouz's General Store.
 10772 | Lair:1   | Entered Level 1 of the Lair of Beasts
 10802 | Lair:1   | Found a dark tunnel.
 10827 | Volcano  | Entered a volcano
 10958 | Volcano  | Found a burning altar of Makhleb.
 11512 | Lair:1   | Reached XP level 12. HP: 106/106 MP: 6/15
 11674 | D:11     | Bought a scroll of remove curse for 45 gold pieces
 12285 | Lair:2   | Reached skill level 13 in Long Blades
 12530 | Lair:2   | Reached skill level 10 in Fighting
 12540 | Lair:2   | Reached skill level 10 in Shields
 12549 | Lair:2   | Reached skill level 10 in Armour
 13300 | Lair:2   | Reached skill level 5 in Throwing
 14500 | Lair:3   | Reached XP level 13. HP: 113/116 MP: 7/16
 14924 | Lair:4   | Noticed Nergalle
 14960 | Lair:4   | Killed Nergalle
 15342 | Lair:4   | Reached skill level 10 in Dodging
 15752 | Lair:5   | Found a staircase to the Snake Pit.
 15813 | Lair:5   | Reached skill level 14 in Long Blades
 16289 | Lair:5   | Found a labyrinth entrance.
 17280 | Lair:6   | Found a staircase to the Shoals.
 17561 | Lair:6   | Noticed Fannar
 17986 | Lair:6   | Killed Fannar
 18267 | Lair:7   | Reached XP level 14. HP: 121/126 MP: 7/16
 18723 | Lair:7   | Reduced skill Shields to level 10
 18846 | Lair:7   | Found a runed door.
 18850 | Lair:7   | Noticed an acid blob
 18851 | Lair:7   | Found a viscous altar of Jiyva.
 18851 | Lair:7   | Found a staircase to the Slime Pits.
 19386 | D:9      | Noticed a centaur warrior
 19396 | D:9      | Killed a centaur warrior
 20071 | D:3      | Killed EmilioHeskey's ghost
 20611 | Orc:1    | Entered Level 1 of the Orcish Mines
 20611 | Orc:1    | Noticed Maurice
 20628 | Orc:1    | Killed Maurice
 21032 | D:9      | Bought the ring "Zaomao Clox" {+Fly rElec rPois rC+ MR+ Str+3} for 703 gold pieces
 21887 | Orc:3    | Found a staircase to the Elven Halls.
 21893 | Orc:3    | Found a shimmering altar of Xom.
 22297 | Orc:2    | Noticed Sonja
 22669 | Orc:2    | Reached skill level 15 in Long Blades
 22990 | Orc:4    | Entered Level 4 of the Orcish Mines
 23188 | Orc:4    | Found a glowing golden altar of the Shining One.
 23231 | Orc:4    | Noticed Joseph
 23246 | Orc:4    | Killed Joseph
 23415 | Orc:4    | Found Mificai's Food Shop.
 23667 | Orc:4    | Found Gywn's General Store.
 24485 | Orc:4    | Paralysed by an orc sorcerer for 6 turns
 24930 | Orc:4    | Found Lotiweop's Antique Armour Shoppe.
 24930 | Orc:4    | Found Strauw's Book Emporium.
 24931 | Orc:4    | Found a one-way gate leading to the halls of Pandemonium.
 24971 | Orc:4    | Bought a scroll of remove curse for 48 gold pieces
 25392 | D:11     | Bought a +2 crystal plate armour for 1380 gold pieces
 25720 | D:12     | Found a basalt altar of Yredelemnul.
 26104 | D:13     | Found Isit's Distillery.
 26112 | D:13     | Bought a potion of agility for 56 gold pieces
 26112 | D:13     | Bought a potion of might for 56 gold pieces
 26112 | D:13     | Bought a potion of haste for 140 gold pieces
 26112 | D:13     | Bought a potion of heal wounds for 70 gold pieces
 26222 | D:13     | Reached skill level 16 in Long Blades
 26229 | D:13     | Reduced skill Shields to level 5
 26229 | D:13     | Reached XP level 15. HP: 82/138 MP: 11/20
 26801 | D:13     | Found a gate to the Vaults.
 26842 | D:13     | Reduced skill Shields to level 1
 27950 | D:14     | Found Ynackul's Book Shop.
 28875 | D:14     | Noticed Roxanne
 29076 | D:14     | Reached skill level 17 in Long Blades
 29584 | D:14     | Killed Roxanne
 29586 | D:14     | Identified Roxanne's Incunabulum of the Mountains and Transmigration (You took it off Roxanne on level 14 of the Dungeon)
 29799 | D:15     | Entered Level 15 of the Dungeon
 29799 | D:15     | Noticed Harold
 29803 | D:15     | Killed Harold
 29819 | D:15     | Reached skill level 15 in Fighting
 30540 | D:15     | Reached XP level 16. HP: 132/149 MP: 13/22
 30542 | D:15     | Found a staircase to the Depths.
 31291 | Orc:4    | Bought a glowing hat for 112 gold pieces
 31591 | Shoals:1 | Entered Level 1 of the Shoals
 31636 | Shoals:1 | Reached skill level 10 in Throwing
 32630 | Shoals:2 | Reached skill level 18 in Long Blades
 33773 | Shoals:2 | Gained mutation: You are partially covered in rugged brown scales (AC +1, +3% HP). [potion of beneficial mutation]
 33916 | Shoals:2 | Noticed Jorgrun
 33924 | Shoals:2 | Noticed Asterion
 33932 | Shoals:2 | Killed Jorgrun
 33959 | Shoals:2 | Killed Asterion
 34387 | Shoals:2 | Found Klulizec's Gadget Shoppe.
 34680 | Shoals:2 | Found Tohaif's Gadget Boutique.
 34823 | Shoals:3 | Noticed Mara
 34841 | Shoals:3 | Noticed raph's illusion
 34869 | Shoals:3 | Killed Mara
 35276 | Shoals:3 | Reached XP level 17. HP: 126/162 MP: 14/23
 35391 | Shoals:3 | Noticed Snorg
 35396 | Shoals:3 | Noticed Polyphemus
 35401 | Shoals:3 | Killed Snorg
 35453 | Shoals:3 | Killed Polyphemus
 35456 | Shoals:3 | Reached skill level 15 in Dodging
 35550 | Shoals:3 | Reached skill level 19 in Long Blades
 35951 | Shoals:3 | Noticed Louise
 35979 | Shoals:3 | Killed Louise
 36076 | Shoals:3 | Learned a level 2 spell: Swiftness
 36917 | Shoals:4 | Reached skill level 15 in Armour
 36935 | Shoals:4 | Killed from afar by an octopode crusher

Action                   |  1- 3 |  4- 6 |  7- 9 | 10-12 | 13-15 | 16-18 || total
-------------------------+-------+-------+-------+-------+-------+-------++-------
Melee: Long sword        |    93 |   140 |   396 |   741 |   423 |       ||  1793
       Triple sword      |       |       |       |       |  1214 |   521 ||  1735
Throw: Javelin           |       |       |       |       |     5 |    10 ||    15
Invok: Transfer Knowledg |       |       |       |       |     3 |       ||     3
       End Transfer Know |       |       |       |       |     1 |       ||     1
       Scrying           |       |       |       |       |     2 |       ||     2
 Abil: Evoke Flight      |       |       |       |       |       |    25 ||    25
Evoke: Wand              |       |       |       |       |    19 |     6 ||    25
  Use: Scroll            |       |    13 |    23 |    13 |    13 |     4 ||    66
       Potion            |       |       |       |     1 |     6 |     5 ||    12
 Stab: Distracted        |       |       |       |       |     2 |       ||     2
  Eat: Chunk             |     2 |     6 |    11 |    11 |    28 |    14 ||    72
       Pizza             |       |       |     2 |     3 |     3 |       ||     8
       Beef jerky        |       |       |     1 |       |     3 |       ||     4
       Bread ration      |       |       |       |     1 |     1 |       ||     2
       Meat ration       |       |       |       |       |     3 |       ||     3
       Fruit             |       |       |       |       |       |     6 ||     6
       Royal jelly       |       |       |       |       |       |     1 ||     1
